Map: Frozen Temple

Players

DatBoiCaleb

  • Race: Zerg Zerg
  • League: Grandmaster

Miszu - Winner!

  • Race: Terran Terran
  • League: Master

VOD

Have the link to the VOD?

Description

Time

  • Played on: June 27, 2016, 2:55 p.m.
  • Length: 9:10
Show
View Real Time Build Order
Export as new Build Order

DatBoiCaleb Zerg 

Build Orders: Hatch First 

Get SALT Encoding   

  12  0:01  Drone  
  13  0:08  Drone  
  14  0:18  Overlord  
  14  0:26  Extractor, Drone  
  15  0:37  Drone  
  15  0:38  Drone  
  17  0:56  Hatchery  
  16  0:59  Drone  
  16  1:01  Drone  
  18  1:14  Extractor  
  18  1:16  Spawning Pool  
  16  1:26  Drone x2  
  18  1:40  Drone  
  18  1:42  Overlord  
  19  1:53  Drone  
  20  2:01  Drone  
  20  2:05  Queen  
  20  2:08  Queen  
  23  2:09  Zergling x2  
  23  2:11  Zergling x2  
  27  2:18  Metabolic Boost  
  27  2:23  Drone x2  
  29  2:32  Drone x2  
  31  2:41  Drone  
  32  2:49  Drone, Spore Crawler  
  32  2:51  Queen  
  32  2:54  Overlord  
  32  2:57  Pneumatized Carapace  
  35  3:14  Hatchery  
  35  3:15  Drone x3  
  35  3:16  Drone  
  38  3:22  Overlord  
  38  3:26  Drone x2  
  40  3:31  Queen  
  42  3:46  Drone x2  
  42  3:47  Lair  
  44  3:48  Overlord  
  44  3:50  Drone x2  
  46  4:01  Roach Warren  
  45  4:03  Drone x4  
  49  4:17  Extractor, Drone x3  
  49  4:18  Extractor, Drone  
  49  4:24  Overlord x2  
  51  4:44  Roach  
  51  4:45  Roach x7  
  67  4:51  Roach  
  69  4:53  Queen, Roach  
  69  4:55  Queen  
  70  5:07  Roach  
  70  5:12  Glial Reconstitution  
  72  5:26  Overseer  
  72  5:34  Drone  
  72  5:35  Drone x2  
  70  6:06  Roach x3  
  70  6:07  Zergling x4  
  70  6:08  Zergling x4  
  80  6:14  Ravager x2  
  82  6:19  Overlord x2  
  82  6:38  Drone x4  
  86  6:41  Extractor, Ravager  
  86  6:44  Roach x2  
  86  6:45  Roach x2  
  94  6:54  Overlord x3  
  94  6:56  Roach  
  96  7:05  Queen  
  98  7:12  Drone x3  
  98  7:13  Drone x3  
  104  7:25  Roach x5  
  105  7:50  Evolution Chamber  
  105  7:51  Evolution Chamber  
  103  7:52  Drone x11  
  114  7:58  Overlord  
  114  7:59  Overlord x2  
  112  8:15  Baneling Nest  
  112  8:16  Spire  
  112  8:18  Drone x2  
  112  8:23  Ravager  
  112  8:24  Ravager, Drone x3  
  117  8:31  Drone  
  117  8:32  Drone x5  
  117  8:33  Drone  
  124  8:42  Overlord x3  
  124  8:45  Ravager  
  124  8:47  Drone x3  
  124  8:48  Extractor  
  127  8:49  Extractor  
  127  8:51  Zergling x8  
  127  8:53  Ravager x2  
  127  8:54  Ravager x3  
Show
View Real Time Build Order
Export as new Build Order

Miszu Terran - Winner!

Build Orders: Reaper Expand, MMM Bio 

Get SALT Encoding   

  12  0:02  SCV  
  13  0:14  SCV  
  13  0:18  Supply Depot  
  14  0:26  SCV  
  15  0:39  SCV  
  15  0:41  Barracks  
  16  0:44  Refinery  
  16  0:51  SCV  
  17  1:03  SCV  
  18  1:16  SCV  
  19  1:31  Reaper  
  21  1:33  Orbital Command  
  20  1:44  Command Center  
  20  1:53  Supply Depot  
  20  1:58  SCV  
  20  2:00  Refinery  
  21  2:08  Barracks Reactor  
  21  2:10  SCV  
  22  2:23  Factory  
  22  2:30  SCV  
  23  2:42  SCV  
  24  2:51  Marine x2  
  24  2:56  SCV  
  24  2:57  Orbital Command  
  27  3:06  Starport  
  27  3:07  Factory Reactor  
  27  3:08  SCV  
  27  3:09  Marine x2  
  29  3:17  Supply Depot  
  29  3:20  SCV  
  29  3:23  SCV  
  31  3:27  Marine x2  
  31  3:32  SCV  
  34  3:35  SCV  
  35  3:43  Supply Depot  
  35  3:49  Marine x2  
  35  3:50  SCV x2  
  35  3:54  Medivac x2, Widow Mine  
  45  4:02  SCV x2  
  47  4:08  Command Center  
  47  4:13  Liberator x2  
  47  4:15  SCV x2  
  49  4:17  Supply Depot, Marine x2  
  51  4:27  SCV  
  58  4:32  SCV  
  58  4:34  Factory Tech Lab  
  58  4:35  Marine  
  58  4:38  Refinery  
  60  4:40  Refinery  
  60  4:41  SCV  
  60  4:44  SCV  
  62  4:46  Supply Depot  
  62  4:53  SCV  
  62  4:56  SCV  
  64  5:05  SCV  
  65  5:08  SCV  
  65  5:11  Marine  
  65  5:12  Marine, Siege Tank  
  71  5:17  SCV  
  71  5:19  Engineering Bay  
  71  5:20  Engineering Bay, SCV  
  73  5:22  SCV  
  74  5:29  SCV  
  74  5:32  SCV  
  74  5:33  Barracks  
  74  5:34  SCV  
  74  5:35  Barracks  
  77  5:41  Marine x2  
  77  5:44  Siege Tank  
  77  5:45  SCV  
  77  5:46  Orbital Command  
  77  5:47  Supply Depot  
  81  5:50  SCV  
  82  5:57  SCV  
  82  6:03  Marine, SCV  
  82  6:09  SCV  
  82  6:10  Terran Infantry Weapons Level 1, Terran Infantry Armor Level 1  
  82  6:15  SCV  
  82  6:17  Barracks  
  83  6:18  Barracks  
  83  6:21  SCV  
  84  6:25  Barracks Tech Lab  
  84  6:28  Marine x2  
  84  6:29  SCV  
  88  6:33  SCV  
  88  6:34  Barracks  
  88  6:35  Barracks  
  88  6:36  Barracks  
  89  6:41  SCV  
  89  6:46  Marine  
  90  6:48  Supply Depot  
  90  6:49  Stimpack, Combat Shields  
  90  6:50  Marine  
  93  6:55  Marauder x2  
  93  6:58  Armory  
  93  6:59  Supply Depot  
  93  7:00  Supply Depot  
  95  7:03  Marine  
  95  7:08  Barracks Reactor x2  
  96  7:11  SCV  
  96  7:12  SCV  
  98  7:16  Marauder x2  
  98  7:20  Marine x2  
  98  7:21  Marine  
  105  7:24  SCV, Factory Tech Lab  
  105  7:26  Orbital Command  
  106  7:34  Marine x2  
  102  7:37  Marine, Marauder  
  102  7:38  Marine, Marauder  
  102  7:39  Marine  
  103  7:51  Marine  
  103  7:52  Marine x3  
  103  7:55  Marine  
  103  7:57  Marine  
  112  7:59  Marauder x2  
  112  8:01  Barracks Tech Lab  
  112  8:02  Barracks Reactor, Barracks Tech Lab  
  112  8:03  Medivac  
  117  8:09  Marine  
  117  8:10  Marine x3  
  119  8:13  Marine  
  119  8:15  SCV x3  
  119  8:19  Bunker  
  123  8:20  Marauder  
  123  8:21  Supply Depot  
  123  8:24  Marauder  
  123  8:25  Supply Depot x2, Marine  
  123  8:26  Marauder, Concussive Shells  
  130  8:27  SCV  
  130  8:30  Marauder  
  133  8:43  Marine x4  
  133  8:47  Marine, Marauder x3  
  151  8:52  Marine  
Tags
 
Add a new tag
Caveats
  • Supply blocks, unpowered buildings, or Contaminate may cause inaccurate times.
  • Supply counts are checked every 10 seconds.